 Dungeon Crawl Stone Soup version 0.25-a0-251-g572059c536 (webtiles) character file.

Game seed: 16982886834526860636, levelgen mode: deterministic

318267 toffzen the Brawler (level 20, -15/213 HPs)
             Began as a Troll Fighter on Dec 3, 2019.
             Was a High Priest of Cheibriados.
             Killed from afar by a merfolk aquamancer (25 damage)
             ... with a shard of ice
             ... on level 2 of the Shoals on Dec 4, 2019.
             The game lasted 02:24:09 (45351 turns).

toffzen the Brawler (Troll Fighter)                Turns: 45351, Time: 02:24:10

Health: -15/213    AC: 20    Str: 43    XL:     20   Next: 91%
Magic:  25/30      EV: 25    Int: 20    God:    Cheibriados [*****.]
Gold:   2266       SH: 16    Dex: 34    Spells: 17/19 levels left

rFire    + . .     SeeInvis .     - Unarmed
rCold    + . .     Gourm    +   K - +1 shield
rNeg     + . .     Faith    .   R - +0 pearl dragon scales
rPois    .         Spirit   .   O - +2 hat {MR+}
rElec    .         Reflect  .   v - scarf {rC+ rF+}
rCorr    .         Harm     .   (gloves unavailable)
MR       +++..                  (boots unavailable)
Stlth    ++........             r - amulet of regeneration
HPRegen  1.25/turn              e - +3 ring of slaying
MPRegen  0.22/turn              U - ring of protection from magic

@: agile, drained, very slow
A: large, unfitting armour, claws 3, agile 1, fast metabolism 3, gourmand,
regeneration 1, shaggy fur 1, tough skin 3
}: 1/15 runes: gossamer
a: Bend Time, Temporal Distortion, Slouch, Step From Time, Renounce Religion


You were on level 2 of the Shoals.
You worshipped Cheibriados.
Cheibriados was extremely pleased with you.
You were full.

You visited 8 branches of the dungeon, and saw 37 of its levels.
You visited the Abyss 1 time.

You collected 3293 gold pieces.
You spent 1027 gold pieces at shops.

Inventory:

Hand Weapons
 b - a +2 morningstar of venom
 f - the +11 plutonium sword {*Contam Stlth-}
   (You found it on level 5 of the Lair of Beasts)

   It causes magical contamination when unequipped.
   It makes you less stealthy.
 o - a +5 hunting sling
Missiles
 c - 5 throwing nets
 h - 45 boomerangs (quivered)
 m - 1143 stones
 H - 57 large rocks
Armour
 v - a scarf of resistance (worn)
 K - a +1 shield (worn)
 O - a +2 hat of magic resistance (worn)
 R - +0 pearl dragon scales (worn)
Jewellery
 e - a +3 ring of slaying (left claw)
 r - an amulet of regeneration (around neck)
 s - an uncursed ring of protection from cold
 E - an uncursed ring of resist corrosion
 L - an uncursed ring of protection from fire
 T - an uncursed ring of positive energy
 U - a ring of protection from magic (right claw)
 V - the ring of Iskaist {Dex+3 SInv}
   (You found it on level 6 of the Lair of Beasts)

   [ring of see invisible]

   It affects your dexterity (+3).
   It lets you see invisible.
Wands
 z - a wand of flame (25)
 A - a wand of clouds (13)
 B - a wand of paralysis (17)
 M - a wand of acid (12)
 W - a wand of digging (3)
Scrolls
 g - 3 scrolls of identify
 j - 10 scrolls of enchant weapon
 n - 7 scrolls of magic mapping
 p - 11 scrolls of teleportation
 u - 5 scrolls of fog
 y - a scroll of enchant armour
 C - 7 scrolls of holy word
 D - a scroll of silence
 F - 2 scrolls of brand weapon
 P - 20 scrolls of remove curse
 S - a scroll of blinking
 X - a scroll of summoning
 Y - a scroll of torment
 Z - 3 scrolls of fear
Potions
 a - 3 potions of resistance
 i - 5 potions of heal wounds
 k - a potion of cancellation
 l - 10 potions of curing
 q - a potion of magic
 t - 8 potions of ambrosia
 w - a potion of might
 x - 8 potions of mutation
 I - 3 potions of lignification
 J - 4 potions of agility
 N - 3 potions of flight
 Q - a potion of invisibility
Miscellaneous
 G - a phantom mirror
Comestibles
 d - 41 rations


   Skills:
 + Level 15.6(14.8) Fighting
 + Level 11.1(10.3) Armour
 + Level 11.5(10.7) Dodging
 - Level 9.3(8.5) Shields
 + Level 19.9(18.9) Unarmed Combat
 + Level 15.3(14.4) Invocations


You had 17 spell levels left.
You knew the following spells:

 Your Spells              Type           Power        Failure   Level  Hunger
a - Blink                 Tloc           N/A          47%         2    ###....

Your spell library contained the following spells:

 Spells                   Type           Power        Failure   Level  Hunger
 Animate Skeleton         Necr           N/A          34%         1    ##.....
 Apportation              Tloc           #.....       34%         1    ##.....
 Confusing Touch          Hex            #.....       34%         1    ##.....
 Foxfire                  Conj/Fire      #...         34%         1    ##.....
 Magic Dart               Conj           #...         34%         1    ##.....
 Shock                    Conj/Air       #...         34%         1    ##.....
 Summon Small Mammal      Summ           #...         34%         1    ##.....
 Call Imp                 Summ           #.......     47%         2    ###....
 Searing Ray              Conj           #.....       47%         2    ###....
 Slow                     Hex            #.......     47%         2    ###....
 Sublimation of Blood     Necr           #.........   47%         2    ###....
 Swiftness                Chrm/Air       #.......     47%         2    ###....
 Confuse                  Hex            #.......     71%         3    ####...
 Conjure Flame            Conj/Fire      #.......     71%         3    ####...
 Dazzling Flash           Conj/Hex       #.....       71%         3    ####...
 Gell's Gravitas          Tloc           #.........   71%         3    ####...
 Ignite Poison            Fire/Tmut/Pois #.......     71%         3    ####...
 Inner Flame              Hex/Fire       #.......     71%         3    ####...
 Mephitic Cloud           Conj/Pois/Air  #.......     71%         3    ####...
 Static Discharge         Conj/Air       #.......     71%         3    ####...
 Airstrike                Air            #.........   98%         4    #####..
 Fulminant Prism          Conj/Hex       #.........   98%         4    #####..
 Iskenderun's Mystic Bla  Conj/Tloc      #.......     98%         4    #####..
 Petrify                  Tmut/Erth      #.......     98%         4    #####..
 Sticky Flame             Conj/Fire      #.......     98%         4    #####..
 Alistair's Intoxication  Tmut/Pois      #.......     100%        5    ######.
 Fireball                 Conj/Fire      #.........   100%        5    ######.
 Irradiate                Conj/Tmut      #.........   100%        5    ######.
 Lightning Bolt           Conj/Air       #.........   100%        5    ######.
 Metabolic Englaciation   Hex/Ice        #.........   100%        5    ######.
 Yara's Violent Unravell  Hex/Tmut       #.........   100%        5    ######.
 Eringya's Noxious Bog    Tmut/Pois      #.........   100%        6    #######
 Hydra Form               Tmut           #.........   100%        6    #######
 Statue Form              Tmut/Erth      #........    100%        6    #######
 Dragon Form              Tmut           #.........   100%        7    #######
 Ignition                 Fire           #.........   100%        8    #######
 Shatter                  Erth           #.........   100%        9    #######
 Tornado                  Air            #.........   100%        9    #######


Dungeon Overview and Level Annotations

Branches:
Dungeon (15/15)            Temple (1/1) D:4            Lair (6/6) D:8
 Shoals (3/4) Lair:2       Spider (4/4) Lair:4        Slime (0/5) Lair:5
    Orc (2/2) D:11            Elf (2/3) Orc:2        Vaults (4/5) D:13
  Crypt (0/3) Vaults:2     Depths (0/5) D:15

Altars:
Ashenzari
Cheibriados
Dithmenos
Elyvilon
Fedhas
Gozag
Hepliaklqana
Kikubaaqudgha
Makhleb
Nemelex Xobeh
Okawaru
Qazlal
Ru
Sif Muna
Trog
Uskayaw
Vehumet
Wu Jian
Xom
Yredelemnul
Zin
The Shining One
Beogh

Shops:
D:9 (=*   D:12 *   Orc:2 *%[%   Elf:1 !*%   Shoals:2 ?   Vaults:3 (

Annotations:
D:4 2 runed translucent doors, floatRand's ghost, novice HaFi
D:12 3 runed translucent doors, MisterFreud's ghost, journeyman TrMo
Orc:2 1 runed translucent door, emiel's ghost, journeyman OgWn
Elf:1 3 runed translucent doors, exclusion: obsidian statue, Aceqaw's ghost, adept DrFE
Vaults:3 exclusion: door


Innate Abilities, Weirdness & Mutations

You are too large for most types of armour.
You have claws for hands.
Your metabolism is lightning-fast.
You like to eat raw meat.
Your natural rate of healing is unusually fast.
You are covered in fur. (AC +1)
You have extremely tough skin. (AC +3)
You are agile. (Dex +2)


Message History

Your lungs strain for air!
The plant is engulfed in a cloud of scalding steam.
You block the water elemental's attack.
The merfolk aquamancer hits you with a +5 rapier of draining.
* * * LOW HITPOINT WARNING * * *
You partially resist.
You feel drained. You block the water nymph's attack.
You claw the water elemental!
You destroy the water elemental!
Cheibriados thoroughly appreciates the change of pace.
You gasp with relief as air once again reaches your lungs.
The merfolk aquamancer hits you with a +5 rapier of draining.
* * * LOW HITPOINT WARNING * * *
You partially resist.
You feel drained.
You can feel time thicken for a moment.
You feel somewhat less full.
The water nymph points at you and mumbles some strange words.
The water swirls and strikes you!!
* * * LOW HITPOINT WARNING * * *
The merfolk aquamancer points at you and mumbles some strange words.
The shard of ice hits you!! You partially resist.
You die...

≈≈≈≈≈≈PPP≈≈≈≈≈≈≈≈≈≈≈≈≈≈≈≈≈≈≈≈....
≈≈≈≈≈≈P≈≈≈≈≈≈≈≈≈≈≈≈≈≈≈≈≈≈P≈≈...##
≈≈≈≈≈≈≈P≈≈≈≈≈≈≈≈≈≈≈≈≈≈≈≈≈≈≈≈..###
≈≈≈≈≈≈≈P≈≈≈≈≈≈≈≈≈≈≈≈≈P≈≈≈≈≈.P≈..≈
≈≈≈≈≈≈≈≈≈≈≈≈≈≈≈..≈≈≈P≈≈≈P≈......≈
≈≈≈≈≈≈≈≈≈≈≈≈≈...≈≈≈P≈≈≈≈≈..#...
≈≈≈≈≈≈≈≈≈≈.≈≈≈≈≈≈P≈≈P≈≈≈≈.....
≈≈≈≈≈≈≈..#≈m≈..≈P≈≈≈≈≈≈≈..≈≈.
≈≈≈≈≈≈..##≈@)#..P≈≈P≈≈≈P≈≈≈≈
≈≈.≈....#mP###....≈≈≈≈≈≈≈≈.
≈≈.......)###...P.≈≈≈≈≈...
≈≈≈..###..##...P.≈≈≈≈≈.###
≈≈≈≈...##)..........≈≈.##
≈≈≈≈≈.............≈..≈≈≈.##
≈≈≈≈≈..≈..≈≈.>........≈≈..##
≈≈≈≈≈≈.≈≈≈≈≈..........≈≈≈≈..
≈≈≈≈≈..≈≈≈≈......###.≈≈≈≈≈≈.


You could see a merfolk aquamancer and a water nymph.

Vanquished Creatures
  5 sphinxes
  Agnes (Elf:1)
  Gastronok (Lair:2)
  Roxanne (Spider:4)
  A storm dragon (Vaults:2)
  A tengu reaver (Vaults:4)
  2 deep elf sorcerers (Elf:1)
  12 vault wardens
  6 emperor scorpions
  3 ghost moths (Spider:4)
  10 ironheart preservers
  5 entropy weavers
  Nessos (D:12)
  3 stone giants
  2 spark wasps (Spider:4)
  Azrael (Spider:3)
  3 ettins
  Josephine (D:10)
  3 fire dragons
  Erolcha (D:11)
  2 merfolk impalers (Shoals:2)
  11 ogre magi
  8 hydras
  13 yaktaur captains
  9 vault guards
  2 great orbs of eyes
  Fannar (Lair:2)
  Harold (D:11)
  2 rakshasas (Vaults:1)
  7 ice dragons
  8 centaur warriors
  2 catoblepae
  3 death knights
  2 merfolk aquamancers (Shoals:2)
  33 two-headed ogres
  A queen ant (Lair:4)
  8 death yaks
  22 dancing weapons
  A tengu warrior (D:15)
  2 deep troll earth magi
  A deep troll shaman (Vaults:4)
  A vampire mage (D:15)
  A satyr (Shoals:2)
  Urug (Lair:3)
  8 orc high priests
  20 deep elf knights
  Nergalle (D:12)
  21 skeletal warriors
  A storm dragon skeleton (Vaults:2)
  6 unseen horrors
  9 deep trolls
  3 sea snakes
  2 flayed ghosts
  4 wizards
  2 phantasmal warriors
  15 ironbrand convokers
  11 orc knights
  3 necromancers
  13 deep elf archers
  A tengu zombie (Vaults:3)
  9 harpies
  2 orc sorcerers
  A human zombie (Vaults:3)
  14 orb spiders
  A wolf spider zombie (D:15)
  24 slime creatures
  19 ugly things
  35 wolf spiders
  8 fauns
  A moth of wrath (Spider:4)
  58 deep elf magi
  A tengu skeleton (Vaults:2)
  5 manticores
  A fire giant skeleton (Vaults:2)
  7 cyclopes
  A salamander (shapeshifter) (D:14)
  2 water nymphs (Shoals:2)
  9 elephants
  8 black mambas
  4 merfolk sirens
  A frost giant skeleton (Vaults:2)
  2 spriggan zombies (D:15)
  2 stone giant skeletons
  12 vault sentinels
  19 spiny frogs
  4 centaur skeletons
  2 rime drakes (Lair:6)
  13 demonic crawlers
  6 freezing wraiths
  2 komodo dragons
  35 yaktaurs
  4 kobold demonologists
  A komodo dragon (shapeshifter) (Vaults:3)
  A yaktaur skeleton (Vaults:2)
  A tengu conjurer (D:15)
  A meliai (shapeshifter) (Vaults:2)
  A troll (shapeshifter) (Vaults:1)
  A wind drake (shapeshifter) (Vaults:2)
  4 merfolk (Shoals:2)
  4 human skeletons
  6 meliai (D:14)
  23 jumping spiders
  A hornet (shapeshifter) (Vaults:3)
  2 polar bears (Lair:5)
  4 tyrant leeches (Lair:6)
  8 trolls
  7 hornets
  A wind drake (Shoals:2)
  A fire giant simulacrum (Vaults:1)
  7 dream sheep (Lair:6)
  25 blink frogs
  An ice dragon zombie (D:15)
  7 hippogriffs
  Sigmund (D:4)
  5 snapping turtles
  2 spriggans (shapeshifter)
  2 air elementals
  2 shadows
  3 ettin skeletons
  74 redbacks
  21 tarantellas
  12 wraiths
  11 water elementals
  A hungry ghost (D:14)
  4 wyverns
  2 basilisks
  5 fire elementals
  31 yaks
  20 humans
  14 vampire mosquitoes
  15 wargs
  3 acid dragons
  3 hell hounds
  10 soldier ants
  9 water moccasins
  6 porcupines
  23 ogres
  21 orc warriors
  4 ice beasts
  3 sky beasts
  3 necrophages
  3 black bears
  An eye of draining (shapeshifter) (Vaults:2)
  4 phantoms
  14 centaurs
  12 wolves
  2 boggarts (Elf:1)
  9 big kobolds
  21 bullfrogs
  11 crocodiles
  3 earth elementals
  A wyvern zombie (D:12)
  A gnoll sergeant (D:8)
  A water moccasin zombie (D:6)
  2 scorpions
  A wyvern skeleton (D:11)
  5 killer bees
  A human simulacrum (Vaults:1)
  12 wights
  3 howler monkeys
  5 electric eels
  4 crimson imps
  3 centaur zombies
  4 quasits
  A bullfrog skeleton (D:13)
  2 hounds
  7 jellies
  40 orc priests
  A gnoll shaman (D:7)
  Jessica (D:3)
  Ijyb (D:3)
  7 iguanas
  21 orc wizards
  33 worker ants
  A worker ant (shapeshifter) (Vaults:2)
  A hound zombie (D:11)
  A howler monkey zombie (D:5)
  A worker ant zombie (D:8)
  Robin (D:3)
  12 gnolls
  11 adders
  4 shadow imps
  An ooze (D:6)
  An adder skeleton (D:4)
  7 dart slugs
  5 leopard geckos
  118 orcs
  5 giant cockroaches
  25 goblins
  11 hobgoblins
  8 jackals
  6 quokkas
  4 ball pythons
  7 bats
  4 frilled lizards
  2 jackal skeletons
  33 kobolds
  A leopard gecko skeleton (D:7)
  2 quokka skeletons
  7 rats
  4 plants (Shoals:1)
  A withered plant (D:15)
1575 creatures vanquished.

Vanquished Creatures (others)
  Nikola (Spider:2)
  A troll (Vaults:3)
  A jumping spider (Spider:2)
  A tarantella (Spider:3)
  A quokka (D:15)
  10 fungi
  55 plants
  8 withered plants (D:15)
78 creatures vanquished.

Grand Total: 1653 creatures vanquished

Notes
Turn   | Place    | Note
-------+----------+-------------------------------------------
     0 | D:1      | toffzen the Troll Fighter began the quest for the Orb.
     0 | D:1      | Reached XP level 1. HP: 22/22 MP: 0/0
   207 | D:1      | Reached XP level 2. HP: 29/29 MP: 1/1
   384 | D:1      | Reached skill level 3 in Unarmed Combat
   609 | D:2      | Reached XP level 3. HP: 36/36 MP: 2/2
   734 | D:2      | You fall into a shaft and drop 2 floors!
   734 | D:4      | Found a staircase to the Ecumenical Temple.
   741 | Temple   | Entered the Ecumenical Temple
   848 | Temple   | Became a worshipper of Cheibriados the Contemplative
   876 | D:4      | Found a runed translucent door.
   878 | D:4      | Noticed floatRand's ghost (novice HaFi)
   908 | D:4      | Noticed Sigmund
   952 | D:4      | Killed Sigmund
   952 | D:4      | Reached skill level 4 in Unarmed Combat
   952 | D:4      | Reached XP level 4. HP: 44/45 MP: 3/3
   952 | D:4      | Reached XP level 5. HP: 52/53 MP: 4/4
  1004 | D:4      | Reached skill level 5 in Unarmed Combat
  1101 | D:4      | Found a runed translucent door.
  1321 | D:3      | Noticed Robin
  1325 | D:3      | Reached XP level 6. HP: 61/62 MP: 5/5
  1344 | D:3      | Killed Robin
  1383 | D:3      | Reached * piety under Cheibriados
  1419 | D:3      | Found a stormy altar of Qazlal.
  1420 | D:3      | Noticed an air elemental
  1421 | D:3      | Noticed a fire elemental
  1421 | D:3      | Noticed a water elemental
  1778 | D:2      | Reached ** piety under Cheibriados
  1808 | D:2      | Found an iron altar of Okawaru.
  1843 | D:2      | Found a hide-covered altar of Uskayaw.
  1843 | D:2      | Found a shimmering altar of Xom.
  1843 | D:2      | Found a hazy altar of Hepliaklqana.
  1843 | D:2      | Found a white marble altar of Elyvilon.
  1844 | D:2      | Found a glowing golden altar of the Shining One.
  1849 | D:2      | Found a blossoming altar of Fedhas.
  1908 | D:3      | Found a radiant altar of Vehumet.
  2068 | D:3      | Noticed Jessica
  2073 | D:3      | Killed Jessica
  2257 | D:3      | Noticed Ijyb
  2264 | D:3      | Killed Ijyb
  2350 | D:4      | Reached skill level 6 in Unarmed Combat
  3033 | D:5      | Entered Level 5 of the Dungeon
  3049 | D:5      | Reached *** piety under Cheibriados
  3054 | D:5      | Reached XP level 7. HP: 58/71 MP: 6/6
  3089 | D:5      | Reached skill level 7 in Unarmed Combat
  3110 | D:5      | Found a snail-covered altar of Cheibriados.
  3147 | D:5      | Noticed a two-headed ogre
  3156 | D:5      | Killed a two-headed ogre
  3156 | D:5      | Reached skill level 5 in Fighting
  3156 | D:5      | Reached skill level 9 in Unarmed Combat
  3156 | D:5      | Reached XP level 8. HP: 59/83 MP: 7/7
  3229 | D:5      | Found a sacrificial altar of Ru.
  3267 | D:5      | Reached XP level 9. HP: 81/89 MP: 8/8
  3390 | D:5      | Reached **** piety under Cheibriados
  3399 | D:5      | Reached skill level 10 in Unarmed Combat
  3633 | D:5      | Found a blossoming altar of Fedhas.
  3758 | D:6      | Found a sparkling altar of Nemelex Xobeh.
  3924 | D:6      | Found a glowing silver altar of Zin.
  4466 | D:7      | Reached ***** piety under Cheibriados
  4629 | D:7      | Reached skill level 11 in Unarmed Combat
  4995 | D:8      | Reached XP level 10. HP: 102/102 MP: 9/9
  5056 | D:8      | Reached skill level 1 in Invocations
  5155 | D:8      | Found a staircase to the Lair.
  5258 | D:8      | Reached ****** piety under Cheibriados
  5572 | D:9      | Found Itzulah's Assorted Antiques.
  5949 | D:9      | Found Weydd's Jewellery Emporium.
  5980 | D:9      | Found Ocudghae's Weapon Shoppe.
  6102 | D:9      | Reached skill level 12 in Unarmed Combat
  6258 | D:9      | Found a shimmering altar of Xom.
  6306 | D:10     | Entered Level 10 of the Dungeon
  6625 | D:10     | Noticed Josephine
  6636 | D:10     | Killed Josephine
  7454 | D:9      | Bought a +2 morningstar of venom for 201 gold pieces
  7548 | Lair:1   | Entered Level 1 of the Lair of Beasts
  7548 | Lair:1   | Noticed a spiny frog
  7558 | Lair:1   | Killed a spiny frog
  7669 | Lair:1   | Noticed a black mamba
  7684 | Lair:1   | Killed a black mamba
  7684 | Lair:1   | Reached XP level 11. HP: 101/111 MP: 12/12
  8485 | Lair:2   | Noticed Fannar
  8536 | Lair:2   | Killed Fannar
  8694 | Lair:2   | Reached skill level 13 in Unarmed Combat
  8931 | Lair:2   | Noticed Gastronok
  9233 | Lair:2   | Killed Gastronok
  9269 | Lair:2   | Found a staircase to the Shoals.
  9524 | Lair:3   | Reached skill level 5 in Dodging
  9559 | Lair:3   | Reached skill level 5 in Shields
  9811 | Lair:3   | Noticed Urug
  9827 | Lair:3   | Killed Urug
 10116 | Lair:3   | Reached skill level 5 in Invocations
 10116 | Lair:3   | Reached XP level 12. HP: 122/122 MP: 14/14
 10525 | Lair:4   | Noticed a death yak
 10531 | Lair:4   | Noticed an entropy weaver
 10825 | Lair:3   | Killed an entropy weaver
 10863 | Lair:4   | Noticed an entropy weaver
 10870 | Lair:4   | Killed an entropy weaver
 10948 | Lair:4   | Reached skill level 14 in Unarmed Combat
 11004 | Lair:4   | Noticed a death yak
 11005 | Lair:4   | Noticed a death yak
 11013 | Lair:4   | Noticed a death yak
 11013 | Lair:4   | Noticed a queen ant
 11033 | Lair:4   | Killed a death yak
 11037 | Lair:4   | Killed a death yak
 11043 | Lair:4   | Killed a death yak
 11048 | Lair:4   | Noticed a six-headed hydra
 11054 | Lair:4   | Killed a death yak
 11058 | Lair:4   | Found a hole to the Spider Nest.
 11508 | Lair:4   | Killed a six-headed hydra
 11890 | Lair:4   | Killed a queen ant
 12152 | Lair:5   | Reached XP level 13. HP: 98/132 MP: 16/16
 12596 | Lair:5   | Found a staircase to the Slime Pits.
 12746 | Lair:5   | Found the +11 plutonium sword {*Contam Stlth-}
 13041 | Lair:6   | Entered Level 6 of the Lair of Beasts
 13104 | Lair:6   | HP: 6/133 [eight-headed hydra (2)]
 13105 | Lair:6   | Reached skill level 10 in Fighting
 13951 | Lair:6   | Reached skill level 15 in Unarmed Combat
 14079 | Lair:5   | Reached XP level 14. HP: 123/144 MP: 19/19
 14487 | Lair:6   | Got a warped tin ring
 14501 | Lair:6   | Identified the ring of Iskaist {Dex+3 SInv} (You found it
                  | on level 6 of the Lair of Beasts)
 15243 | D:11     | Noticed Erolcha
 15254 | D:11     | Killed Erolcha
 15288 | D:11     | Found a staircase to the Orcish Mines.
 15685 | D:11     | Noticed Harold
 15691 | D:11     | Killed Harold
 16091 | D:12     | Found a runed translucent gate.
 16091 | D:12     | Found a runed translucent gate.
 16091 | D:12     | Found a runed translucent gate.
 16302 | Orc:1    | Entered Level 1 of the Orcish Mines
 16547 | Orc:1    | Found a bloodstained altar of Trog.
 16774 | Orc:2    | Entered Level 2 of the Orcish Mines
 19646 | Orc:2    | Gained mutation: You are agile. (Dex +2) [a neqoxec]
 19731 | Orc:2    | Found a staircase to the Elven Halls.
 19739 | Orc:2    | Found a runed translucent door.
 19739 | Orc:2    | Found a shimmering altar of Xom.
 19739 | Orc:2    | Noticed emiel's ghost (journeyman OgWn)
 19947 | Orc:2    | Found a radiant altar of Vehumet.
 20015 | Orc:2    | Found a roughly hewn altar of Beogh.
 20021 | Orc:2    | Found Famoul's Armour Shop.
 20021 | Orc:2    | Found Tanihudu's Food Shoppe.
 20040 | Orc:2    | Learned a level 2 spell: Blink
 20071 | Orc:2    | Found Osycuemp's Assorted Antiques.
 20071 | Orc:2    | Found Gado Ubre's Food Shoppe.
 20390 | D:12     | Noticed Nergalle
 20397 | D:12     | Killed Nergalle
 20620 | D:12     | Noticed Nessos
 20628 | D:12     | Killed Nessos
 20690 | D:12     | Found Axioph's Pet Rocks.
 21012 | D:12     | Found the brooch of Shielding {Reflect SH+8}
 21012 | D:12     | Noticed MisterFreud's ghost (journeyman TrMo)
 21246 | D:13     | Reached XP level 15. HP: 154/154 MP: 20/20
 21383 | D:13     | Found a burning altar of Makhleb.
 21646 | D:13     | Found a gate to the Vaults.
 21700 | D:13     | Identified the amulet of Aphapt {Harm *Drain rPois Slay-2
                  | Stlth+} (You found it on level 13 of the Dungeon)
 21866 | D:14     | Cast into level 1 of the Abyss (meliai)
 21874 | D:14     | Escaped the Abyss
 22051 | D:14     | Identified a scroll of acquirement
 22216 | D:14     | Reached skill level 16 in Unarmed Combat
 22307 | D:14     | Reached skill level 1 in Armour
 22424 | D:14     | Reached skill level 10 in Invocations
 22711 | D:14     | Found a radiant altar of Vehumet.
 22876 | D:15     | Entered Level 15 of the Dungeon
 23134 | D:15     | Found a white marble altar of Elyvilon.
 23486 | D:15     | Found a staircase to the Depths.
 23551 | D:15     | Reached XP level 16. HP: 86/165 MP: 22/22
 24343 | Spider:1 | Entered Level 1 of the Spider Nest
 25625 | Spider:2 | Reached skill level 5 in Armour
 25671 | Spider:2 | Upgraded the game from 0.25-a0-246-g58704a1ebd to
                  | 0.25-a0-251-g572059c536
 26650 | Spider:3 | Noticed Azrael
 26725 | Spider:3 | Killed Azrael
 26725 | Spider:3 | Reached skill level 17 in Unarmed Combat
 26727 | Spider:3 | Noticed Nikola
 26866 | Spider:2 | Killed Nikola
 27283 | Spider:4 | Entered Level 4 of the Spider Nest
 28205 | Spider:4 | Noticed Roxanne
 28215 | Spider:4 | Killed Roxanne
 28369 | Spider:4 | Reached XP level 17. HP: 138/175 MP: 24/24
 31072 | Spider:4 | Got a gossamer rune of Zot
 31337 | Vaults:1 | Entered Level 1 of the Vaults
 31783 | Vaults:1 | Identified the +3 morningstar "Oniefial" {flame, +Blink
                  | +Inv rElec Str+3} (You found it on level 1 of the Vaults)
 32468 | Vaults:1 | Reached skill level 18 in Unarmed Combat
 32716 | Vaults:1 | Reached XP level 18. HP: 181/188 MP: 26/26
 33075 | Vaults:2 | Found a blossoming altar of Fedhas.
 34399 | Vaults:2 | Found a staircase to the Crypt.
 35254 | Vaults:2 | Reached XP level 19. HP: 193/198 MP: 28/28
 35878 | Vaults:3 | Reached skill level 19 in Unarmed Combat
 36343 | Vaults:3 | Reached skill level 10 in Dodging
 36936 | Vaults:3 | Found Karr's Weapon Shop.
 37915 | Vaults:4 | Reached skill level 15 in Fighting
 37948 | Vaults:4 | Reached skill level 10 in Armour
 38893 | Vaults:4 | Reached XP level 20. HP: 210/210 MP: 28/30
 39459 | Elf:1    | Entered Level 1 of the Elven Halls
 39699 | Elf:1    | Found Simaosk's Food Shoppe.
 39873 | Elf:1    | Noticed Agnes
 39880 | Elf:1    | Killed Agnes
 40091 | Elf:1    | Found Hakk's Distillery.
 40094 | Elf:1    | Bought a potion of heal wounds for 95 gold pieces
 40094 | Elf:1    | Bought a potion of resistance for 190 gold pieces
 40125 | Elf:1    | Bought a potion of resistance for 190 gold pieces
 40125 | Elf:1    | Bought a potion of cancellation for 152 gold pieces
 40363 | Elf:1    | Found a runed translucent gate.
 40363 | Elf:1    | Found a runed translucent gate.
 40364 | Elf:1    | Found a runed translucent gate.
 40365 | Elf:1    | Found an opulent altar of Gozag.
 40366 | Elf:1    | Noticed Aceqaw's ghost (adept DrFE)
 40366 | Elf:1    | Found Wuolet's Assorted Antiques.
 40907 | Elf:2    | Reached skill level 15 in Invocations
 41025 | Elf:2    | Found a huge runed translucent gate.
 41025 | Elf:2    | Found a huge runed translucent gate.
 41025 | Elf:2    | Found a huge runed translucent gate.
 41027 | Elf:2    | Found a huge runed translucent gate.
 41028 | Elf:2    | Found a huge runed translucent gate.
 44211 | Shoals:1 | Entered Level 1 of the Shoals
 44560 | Shoals:1 | Identified the +2 leather armour of Hopscotch {Dex+5}
 45071 | Shoals:2 | Found Ficaitzu's Magic Scroll Shoppe.
 45075 | Shoals:2 | Bought a scroll of teleportation for 57 gold pieces
 45075 | Shoals:2 | Bought a scroll of silence for 142 gold pieces
 45345 | Shoals:2 | HP: 10/213 [drowned by a water elemental (7)]
 45351 | Shoals:2 | HP: 10/213 [water nymph/the raging water (23)]
 45351 | Shoals:2 | Killed from afar by a merfolk aquamancer

Levels and vault maps discovered:
D:1:      dpeg_arrival_boxes_within_box, layout_rooms, minmay_door_square
D:2:      layout_rooms, minitemple, marbit_many_paths, first_ration,
          minmay_circle_x
D:3:      minmay_chambers_of_twos, layout_basic, lemuel_round_altar,
          nicolae_qazlal_style_of_elements, uniq_jessica, uniq_ijyb, uniq_robin
D:4:      layout_layer_cave, minmay_temple_entry_large_hall,
          ebering_ghost_sewer_f, chequers_serial_rivers_large_b,
          minmay_hedge_maze, minmay_stone_trees_small, uniq_sigmund
D:5:      layout_rooms, lemuel_crystal_altar, basic_altar, serial_curves,
          eino_curves_03, eino_curves_03, fedhas_altar_4
D:6:      layout_loops_ring, overflow_temple_1_default,
          lemuel_coloured_pillars_altar, kennysheep_potato
D:7:      layout_basic
D:8:      layout_rooms, lair_entry_dummy
D:9:      layout_roguey, serial_shops, shop, shop,
          nicolae_shop_overgrown_old_shop, grunt_ogre_cave, tgw_xom
D:10:     layout_stronghold, uniq_josephine
D:11:     layout_basic, erik_orc_4, minmay_holes, uniq_erolcha, uniq_harold
D:12:     layout_irregular_city, gammafunk_ghost_spectres,
          chequers_serial_rivers_micro_d, guppyfry_shop_earth, uniq_nessos,
          uniq_nergalle
D:13:     layout_cave_pools, grunt_vaults_entry_tiered, basic_altar
D:14:     minmay_inside_and_out, layout_cave_pools, kennysheep_flooded_box,
          corexii_leaking_fountain, minmay_diced_spiral
D:15:     gammafunk_depths_entry_grave, layout_rooms, elyvilon_altar_4,
          minivault_19
Temple:   compressed_dpeg_circular_temple
Lair:1:   layout_regular_city, beast_lair_carwin_6
Lair:2:   layout_gridlike, minmay_shoals_entry_hut, zaba_anthole,
          serial_bayou_pond_d, uniq_gastronok, uniq_fannar
Lair:3:   layout_regular_city, serial_bayou_lake_a, serial_bayou_shore_a,
          uniq_urug
Lair:4:   layout_regular_city, spider_nest_entry_rubble, minmay_another_anthill,
          infiniplex_staircase_pool
Lair:5:   layout_misc_corridors, slime_dummy, serial_bayou_shore_b
Lair:6:   minmay_lair_end_frog_pond, layout_big_grid,
          chequers_serial_rivers_micro_c
Shoals:1: layout_shoals
Shoals:2: layout_shoals, nicolae_shoals_c_island
Shoals:3: layout_shoals, uniq_polyphemus
Spider:1: layout_spider_delve, hangedman_spider_tarantella_strand
Spider:2: layout_spider_delve
Spider:3: layout_spider_delve, uniq_azrael, uniq_nikola
Spider:4: guppyfry_spider_rune, uniq_roxanne
Orc:1:    layout_caves, basic_altar
Orc:2:    st_orc_town, layout_diamond_mine, ebering_ghost_xom, basic_altar
Elf:1:    elf_arrival_002, layout_loops_corners, ebering_ghost_gozag,
          serial_shops, nicolae_shop_behind_doors, shop,
          hangedman_elf_disciples, uniq_agnes
Elf:2:    layout_geoelf_octagon, lemuel_flamethrower_3
Vaults:1: nicolae_vaults_windows_and_doors_thing, v_misc_8, grunt_vaults_focal,
          vaults_room_grid, nicolae_vaults_little_squares_2,
          grunt_vaults_bifocal, hangedman_vaults_stream, ontoclasm_vaults_fault,
          vaults_mumra_minichess, nicolae_vaults_little_squares_5,
          nicolae_vaults_diagonal_hallway_6, vaults_room_octagon,
          nicolae_vaults_mini_display_case, layout_vaults_big_room
Vaults:2: v_misc_13, v_misc_18, minmay_crypt_entry_skeletal_spiral,
          st_octagons_2, v_misc_30, nicolae_vaults_network_square,
          hangedman_vaults_variations, nicolae_vaults_yaktaur_gun_rack,
          layout_vaults_omnigrid, basic_altar
Vaults:3: ontoclasm_vaults_misaligned, vaults_room_hallway,
          nicolae_vaults_network_periphery, ontoclasm_vaults_idyll,
          dpeg_vaults_monster_box, v_misc_9, hangedman_vaults_river_flow,
          nicolae_vaults_rhombus_6, v_pattern_5, hangedman_vaults_maws,
          nicolae_vaults_holding_cells, vaults_dpeg_doors, vaults_room_hallway,
          layout_vaults_omnicross, serial_shops, nicolae_shop_behind_doors
Vaults:4: nicolae_vaults_ninety_degrees, v_misc_28, hangedman_vaults_cutoff,
          ontoclasm_vaults_twist, nicolae_vaults_alarming,
          nicolae_vaults_branching_niches, hangedman_vaults_restitches,
          ontoclasm_vaults_misaligned, nicolae_vaults_network_star,
          nicolae_vaults_circle_grid_a, ontoclasm_vaults_gateway,
          vaults_dpeg_cross, ontoclasm_vaults_pinch, layout_vaults_ring

Skill      XL: |  1  2  3  4  5  6  7  8  9 10 11 12 13 14 15 16 17 18 19 20 |
---------------+-------------------------------------------------------------+-----
Unarmed Combat | 3 4 5 6 9 11 12 13 14 15 16 17 18 19 | 19.9
Fighting       | 3 4 5 6 7 8 9 10 11 12 13 14 15 | 15.6
Invocations    | 3 5 6 8 9 10 11 12 13 14 15 | 15.3
Dodging        | 4 5 6 7 9 10 11 | 11.5
Shields        | 4 5 6 7 8 9 |  9.3
Armour         | 3 6 8 9 10 11 | 11.1

Action                   |  1- 3 |  4- 6 |  7- 9 | 10-12 | 13-15 | 16-18 | 19-21 || total
-------------------------+-------+-------+-------+-------+-------+-------+-------++-------
Melee: Unarmed           |    89 |   158 |   193 |   450 |  1019 |  1213 |   923 ||  4045
       Morningstar       |       |       |       |     4 |    25 |     2 |       ||    31
Throw: Boomerang         |       |       |       |       |       |    10 |       ||    10
Invok: Slouch            |       |       |       |       |    25 |    16 |    17 ||    58
       Step From Time    |       |       |       |       |       |     1 |       ||     1
Evoke: Wand              |       |       |     5 |     6 |     5 |    64 |       ||    80
  Use: Scroll            |     3 |     5 |     7 |     9 |    14 |    10 |       ||    48
       Potion            |     2 |       |     1 |     1 |     1 |     6 |     4 ||    15
 Stab: Sleeping          |       |     1 |     2 |     5 |     2 |       |       ||    10
       Distracted        |       |       |     1 |       |     2 |       |       ||     3
       Petrified         |       |       |       |       |     6 |       |       ||     6
       Paralysed         |       |       |       |       |       |     6 |       ||     6
  Eat: Chunk             |    12 |    14 |    16 |    44 |    77 |    54 |    63 ||   280
       Ration            |       |       |       |     1 |       |     5 |       ||     6
Armor: Robe              |    32 |    50 |    35 |    72 |    85 |       |       ||   274
       Pearl dragon scal |       |       |       |       |    58 |   370 |   189 ||   617
       Troll leather arm |       |       |       |       |     6 |       |       ||     6
Dodge: Dodged            |    19 |    52 |    40 |   131 |   464 |   615 |   341 ||  1662
Block: Shield            |    33 |    76 |    90 |   276 |   733 |   920 |   493 ||  2621

Table legend:
 A = Non-vault XP
 B = Vault XP
 C = Vault XP percentage of total XP
 D = Non-vault monster count
 E = Vault monster count
 F = Vault count percentage of total count
                 A         B        C        D         E       F
            +---------+---------+-------+---------+---------+-------
      Total |  346685 |  228983 |  39.8 |    1082 |     490 |  31.2
            +---------+---------+-------+---------+---------+-------
        D:1 |      40 |       0 |   0.0 |      20 |       0 |   0.0
        D:2 |      31 |      20 |  39.2 |      18 |       5 |  21.7
        D:3 |      66 |     137 |  67.5 |      28 |      23 |  45.1
        D:4 |     147 |     231 |  61.1 |      11 |       1 |   8.3
        D:5 |    2379 |       0 |   0.0 |      40 |       0 |   0.0
        D:6 |    1009 |       1 |   0.1 |      29 |       1 |   3.3
        D:7 |    1365 |       0 |   0.0 |      35 |       0 |   0.0
        D:8 |    1333 |       0 |   0.0 |      39 |       0 |   0.0
        D:9 |     203 |     412 |  67.0 |       5 |       8 |  61.5
       D:10 |     427 |    2179 |  83.6 |      10 |       6 |  37.5
       D:11 |    3050 |    2581 |  45.8 |      21 |      18 |  46.2
       D:12 |    3621 |    2210 |  37.9 |      33 |       2 |   5.7
       D:13 |    6199 |    6770 |  52.2 |      25 |      25 |  50.0
       D:14 |   21578 |    7674 |  26.2 |      61 |      14 |  18.7
       D:15 |   15807 |    4566 |  22.4 |      47 |       8 |  14.5
     Lair:1 |    1858 |    1008 |  35.2 |       7 |       8 |  53.3
     Lair:2 |    1447 |    3508 |  70.8 |       7 |       8 |  53.3
     Lair:3 |    3605 |    2328 |  39.2 |      21 |       3 |  12.5
     Lair:4 |    9267 |    4507 |  32.7 |      22 |      26 |  54.2
     Lair:5 |    9032 |     355 |   3.8 |      29 |       2 |   6.5
     Lair:6 |   12049 |   12995 |  51.9 |      37 |      48 |  56.5
   Shoals:1 |    3689 |       0 |   0.0 |       7 |       0 |   0.0
   Shoals:2 |   18921 |       0 |   0.0 |      42 |       0 |   0.0
   Spider:1 |   11606 |     219 |   1.9 |      32 |       1 |   3.0
   Spider:2 |   12113 |    3981 |  24.7 |      38 |       2 |   5.0
   Spider:3 |   10638 |    1914 |  15.2 |      34 |       5 |  12.8
   Spider:4 |   18150 |   26589 |  59.4 |      50 |      37 |  42.5
      Orc:1 |    4397 |       0 |   0.0 |      34 |       0 |   0.0
      Orc:2 |    3749 |    7415 |  66.4 |      29 |      59 |  67.0
      Elf:1 |   25654 |   10735 |  29.5 |      40 |      15 |  27.3
      Elf:2 |   13229 |   22657 |  63.1 |      27 |      29 |  51.8
   Vaults:1 |   31638 |   15093 |  32.3 |      52 |      21 |  28.8
   Vaults:2 |   51924 |   30533 |  37.0 |      80 |      42 |  34.4
   Vaults:3 |   18368 |   26545 |  59.1 |      34 |      35 |  50.7
   Vaults:4 |   28096 |   31820 |  53.1 |      38 |      38 |  50.0
            +---------+---------+-------+---------+---------+-------
